 Dungeon Crawl Stone Soup version 0.29-a0-251-g80730f7218 (webtiles) character file.

Game seed: 17321883358453592987

232 sammy202020 the Covered (level 6, -7/39 HPs)
             Began as a Gargoyle Fighter on Mar 5, 2022.
             Mangled by an orc warrior
             ... wielding a +0 mace
              (13 damage)
             ... on level 4 of the Dungeon.
             The game lasted 00:05:23 (3438 turns).

sammy202020 the Covered (Gargoyle Fighter)          Turns: 3438, Time: 00:05:24

Health: -7/39      AC: 11    Str: 20    XL:     6   Next: 4%
Magic:  6/6        EV:  9    Int: 10    God:
Gold:   206        SH:  4    Dex:  9    Spells: 5/5 levels left

rFire   . . .      SeeInvis .   a - +0 flail
rCold   . . .      Faith    .   c - +0 buckler
rNeg    + . .      Spirit   .   b - +0 scale mail
rPois   ∞          Reflect  .   (no helmet)
rElec   +          Harm     .   (no cloak)
rCorr   .          Rampage  .   (no gloves)
Will    .....                   (no boots)
Stlth   ..........              (no amulet)
HPRegen 0.13/turn               (no ring)
MPRegen 0.10/turn               (no ring)

@: no status effects
A: sickness immunity, AC +4, negative energy resistance 1, electricity
resistance, torment resistance 1, petrification resistance
a: no special abilities


You were on level 4 of the Dungeon.
You visited 1 branch of the dungeon, and saw 4 of its levels.

You collected 206 gold pieces.

Inventory:

Hand Weapons
 a - a +0 flail (weapon)
Missiles
 e - 6 boomerangs (quivered)
Armour
 b - a +0 scale mail (worn)
 c - a +0 buckler (worn)
Jewellery
 j - a ring of wizardry
Wands
 q - a wand of digging (4)
Scrolls
 d - 5 scrolls of identify {unknown}
 i - 2 scrolls of enchant weapon {unknown}
 o - a scroll of brand weapon {unknown}
 p - a scroll of immolation {unknown}
 r - 2 scrolls of enchant armour {unknown}
 s - a scroll of magic mapping {unknown}
Potions
 f - 2 potions of curing {unknown}
 g - 4 potions of mutation {unknown}
 h - a potion of lignification {unknown}
 k - 2 potions of haste {unknown}
 l - a potion of attraction {unknown}
 m - a potion of degeneration {unknown}
 n - a potion of heal wounds {unknown}


   Skills:
 * Level 4.3 Fighting
 * Level 3.3 Maces & Flails
 * Level 4.4 Armour
 + Level 1.3 Dodging
 * Level 4.4 Shields


You had 5 spell levels left.
You didn't know any spells.
Your spell library contained the following spells:

 Spells                   Type           Power      Damage    Failure   Level
 Iskenderun's Battlesphe  Conj           0%         2d6       100%        5
 Iron Shot                Conj/Erth      0%         9d1       100%        6
 Spellforged Servitor     Conj/Summ      0%         N/A       100%        7


Dungeon Overview and Level Annotations

Branches:
Dungeon (4/15)
 Temple: D:4-7

Altars:


Innate Abilities, Weirdness & Mutations

You are immune to sickness and miasma.
Your stone body is resilient. (AC +4)
You are immune to poison.
You resist negative energy. (rN+)
You are resistant to electric shocks. (rElec)
You are resistant to unholy torment.
You are immune to petrification.


Message History

You hit the jackal.
The jackal is severely wounded.
The jackal closely misses you. The jackal bites you.
You sock the jackal!
You kill the jackal!
The orc priest calls down the wrath of Beogh upon you.
Beogh smites you!
The jackal bites you but does no damage.
You hear a shout!
You sock the jackal!
You kill the jackal!
You barely miss the orc. You block the orc's attack.
A goblin comes into view. It is wielding a +0 club.
The goblin shouts!
You sock the orc!
You kill the orc!
You hear a shout!
A kobold comes into view. It is wielding a +0 short sword.
You block the orc warrior's attack.
You barely miss the orc warrior.
A kobold comes into view. It is wielding a +0 whip.
The orc warrior hits you with a +0 mace.
You barely miss the orc warrior. The orc warrior closely misses you.
You hit the orc warrior but do no damage.
The orc warrior hits you with a +0 mace!
* * * LOW HITPOINT WARNING * * *
You hit the orc warrior but do no damage.
The orc warrior hits you but does no damage.
The orc warrior barely misses you.
You sock the goblin!
You kill the goblin!
You block the orc warrior's attack.
You hit the orc warrior but do no damage.
You block the orc warrior's attack. The kobold closely misses you.
You closely miss the kobold.
The orc warrior hits you with a +0 mace.
* * * LOW HITPOINT WARNING * * *
The kobold closely misses you.
The orc warrior hits you with a +0 mace!
You die...

.... ...
..# ..#
##.## ##
... #.##
#K# #...#
#@#.h....
#o#......
#oK......
#<#......
#.##.....
... #...#
..#..
..## ...
... ..#
.##. #...
.#


You could see an orc warrior, an orc priest and 2 kobolds.

Vanquished Creatures
  A jelly (D:4)
  An orc priest (D:3)
  2 orc wizards (D:3)
  A hound skeleton (D:3)
  2 adders (D:2)
  A gnoll (D:1)
  An adder zombie (D:3)
  2 worms (D:2)
  6 orcs
  3 ball pythons
  3 endoplasms (D:2)
  5 giant cockroaches
  4 goblins
  4 hobgoblins
  8 jackals
  3 quokkas
  A ball python skeleton (D:3)
  A ball python zombie (D:3)
  4 bats
  8 frilled lizards
  3 kobolds
  4 rats
  A spectral goblin (D:3)
69 creatures vanquished.

Vanquished Creatures (others)
  5 toadstools (D:1)
  4 withered plants (D:3)
9 creatures vanquished.

Grand Total: 78 creatures vanquished

Notes
Turn   | Place    | Note
-------+----------+-------------------------------------------
     0 | D:1      | sammy202020 the Gargoyle Fighter began the quest for the
                  | Orb.
     0 | D:1      | Reached XP level 1. HP: 14/14 MP: 1/1
   229 | D:1      | Reached XP level 2. HP: 14/19 MP: 2/2
   879 | D:1      | Reached XP level 3. HP: 21/23 MP: 3/3
  1811 | D:2      | Reached XP level 4. HP: 4/29 MP: 4/4
  2318 | D:2      | You fall into a shaft and drop 1 floor!
  2370 | D:3      | Reached skill level 1 in Dodging
  2390 | D:3      | Reached XP level 5. HP: 2/33 MP: 5/5
  2911 | D:3      | Found a faded altar of an unknown god.
  3413 | D:4      | Noticed an orc warrior
  3423 | D:4      | Reached XP level 6. HP: 31/38 MP: 6/6
  3438 | D:4      | Mangled by an orc warrior

Illustrated notes

Levels and vault maps discovered:
D:1:      ldierk_walled_garden, layout_basic
D:2:      layout_rooms, grunt_ministairs_10
D:3:      layout_basic, dreamdust_ecumenical_altar_drowned_temple,
          serial_undead, serial_undead_e, serial_undead_f, serial_undead_a,
          serial_undead_b
D:4:      layout_loops_ring, evilmike_ruin_ashenzari

Skill      XL: |  1  2  3  4 |
---------------+-------------+-----
Armour         | 4 |  4.4
Dodging        | 1 |  1.3
Shields        | 4 |  4.4
Fighting       | 4 |  4.3
Maces & Flails | 3 |  3.3

Action                   |  1- 3 |  4- 6 || total
-------------------------+-------+-------++-------
Melee: Flail             |   149 |   122 ||   271
  Use: Potion            |     1 |       ||     1
Armor: Scale mail        |   124 |    60 ||   184
Dodge: Dodged            |    87 |    59 ||   146
Block: Buckler           |    55 |    18 ||    73

Table legend: (Time is in decaauts)
 A = Elapsed time spent in this place.
 B = Non-inter-level travel time spent in this place.
 C = Inter-level travel time spent in this place.
 D = Time resting spent in this place.
 E = Time spent auto-exploring this place.
 F = Levels seen in this place.
 G = Mean time per level.
                   A        B        C        D        E       F      G
               +--------+--------+--------+--------+--------+-----+--------+
         Total |   3534 |   3526 |      8 |    182 |   2712 |   4 |  883.5 |
       Dungeon |   3534 |   3526 |      8 |    182 |   2712 |   4 |  883.5 |
               +--------+--------+--------+--------+--------+-----+--------+

Top non-repeatable levels by time:
     D:1: 1324 daAuts
     D:3: 1128 daAuts
     D:2: 1050 daAuts
     D:4: 30 daAuts
